 Dungeon Crawl Stone Soup version 0.29.0-4-gdea44cf6ec (webtiles) character file.

Game seed: 12347854030216194955

76 qw the Chopper (level 4, -3/26 HPs)
             Began as a Tengu Warper on Aug 28, 2022.
             Slain by Grinder (4 damage)
             ... on level 3 of the Dungeon.
             The game lasted 00:00:10 (2493 turns).

qw the Chopper (Tengu Warper)                       Turns: 2493, Time: 00:00:11

Health: -3/26      AC:  9    Str: 17    XL:     4   Next: 32%
Magic:  0/8        EV: 10    Int: 13    God:
Gold:   85         SH:  0    Dex: 13    Spells: 7/7 levels left

rFire   . . .      SeeInvis .   Y - +1 hand axe
rCold   . . .      Faith    .   (no shield)
rNeg    . . .      Spirit   +   d - +0 scale mail
rPois   .          Reflect  .   (helmet restricted)
rElec   .          Harm     .   (no cloak)
rCorr   .          Rampage  .   h - +2 pair of gloves {Str+3}
Will    .....                   (boots unavailable)
Stlth   ..........              i - amulet of guardian spirit
HPRegen 0.08/turn               (no ring)
MPRegen 0.11/turn               (no ring)

@: no status effects
A: beak, talons 3
a: no special abilities


You were on level 3 of the Dungeon.
You visited 1 branch of the dungeon, and saw 3 of its levels.

You collected 85 gold pieces.


Innate Abilities, Weirdness & Mutations

You have a beak for a mouth.
You have claws for feet.


   Skills:
 - Level 2.0 Fighting
 + Level 4.9 Axes
 - Level 1.0 Throwing
 - Level 1.1 Armour
 - Level 2.1 Dodging
 - Level 2.0 Spellcasting
 - Level 2.4 Translocations


You had 7 spell levels left.
You didn't know any spells.
Your spell library contained the following spells:

 Spells                   Type           Power      Damage    Failure   Level
 Blink                    Tloc           14%        N/A       45%         2
 Gell's Gravitas          Tloc           7%         N/A       71%         3
 Lesser Beckoning         Tloc           7%         N/A       71%         3
 Teleport Other           Tloc           7%         N/A       71%         3
 Manifold Assault         Tloc           7%         N/A       100%        5

Inventory:

Hand Weapons
 l - a +2 antimagic whip
 Y - a +1 hand axe (weapon)
Missiles
 f - 3 javelins (quivered)
Armour
 d - a +0 scale mail (worn)
 h - a +2 pair of gloves of strength (worn)
Jewellery
 i - an amulet of guardian spirit (around neck)
Potions
 b - 2 potions of haste

Dungeon Overview and Level Annotations

Branches:
Dungeon (3/15)

Altars:

Annotations:
D:3 Grinder


Message History

There is a stone staircase leading down here.
You climb downwards.
Grinder shouts!
The kobold shouts!
Found a scroll of magic mapping and a ring mail.
There is a stone staircase leading up here.
There are monsters nearby!
Existing waypoints: (1) D:2 (2) D:1 Assign waypoint to what number? (0-9, D - delete waypoint) Waypoint 2 re-assigned from D:1 to D:3.
Enter note: Grinder hits you.
You writhe in agony.
You slash Grinder! Your kick misses Grinder.
Grinder is lightly wounded.
Grinder hits you.
You writhe in agony.
You hit Grinder but do no damage. You claw Grinder.
Grinder is moderately wounded.
You hit the kobold.
You kill the kobold!
Grinder hits you.
You writhe in agony.
You hit Grinder. You claw Grinder, but do no damage.
Grinder is moderately wounded.
Grinder hits you but does no damage.
You barely miss Grinder.
Grinder is moderately wounded.
Grinder hits you but does no damage.
You closely miss Grinder.
Grinder is moderately wounded.
Grinder hits you.
You writhe in agony.
You barely miss Grinder.
Grinder is moderately wounded.
Grinder misses you.
You barely miss Grinder.
Grinder is moderately wounded.
Grinder gestures at you. You resist with significant effort.
You hit Grinder but do no damage. You claw Grinder.
Grinder is heavily wounded.
Grinder hits you.
You writhe in agony.
You die...

#.......#.#
#.......#.#
#.......#.# ##
#.....?[..#...
#...........
#.........
#.......#
#.....<.#
#...)@..#
###.5#### #..
#.. #.. ...
#... #...


You could see Grinder.

Vanquished Creatures
  3 adders (D:2)
  A worm (D:2)
  A dart slug (D:1)
  4 endoplasms
  A giant cockroach (D:2)
  2 hobgoblins
  4 kobolds
  3 quokkas
  5 ball pythons
  6 bats
  3 frilled lizards (D:2)
  15 rats
48 creatures vanquished.

Notes
Turn   | Place    | Note
-------+----------+-------------------------------------------
     0 | D:1      | qw the Tengu Warper began the quest for the Orb.
     0 | D:1      | Reached XP level 1. HP: 12/12 MP: 4/4
     0 | D:1      | 0 ||| qw: Version: 0.1-a-89-g26bdef1
     0 | D:1      | 0 ||| qw: Game counter: 1669
     0 | D:1      | 0 ||| qw: Always use a shield: true
     0 | D:1      | 0 ||| qw: God list: Okawaru
     0 | D:1      | 0 ||| qw: Allow faded altars: false
     0 | D:1      | 0 ||| qw: Do Orc after D:15 true
     0 | D:1      | 0 ||| qw: Do second Lair branch before Depths: true
     0 | D:1      | 0 ||| qw: Lair rune preference: random
     0 | D:1      | 0 ||| qw: Plans: Normal
     0 | D:1      | 0 ||| PLANNING D:1-11
   115 | D:1      | 115 ||| Stepping ~*~*~tactically~*~*~ (stealth).
   121 | D:1      | 121 ||| Stepping ~*~*~tactically~*~*~ (stealth).
   130 | D:1      | HP: 2/12 [frozen (4)]
   487 | D:1      | Reached XP level 2. HP: 15/17 MP: 6/6
   702 | D:1      | Reached skill level 3 in Axes
  1103 | D:1      | 1103 ||| Stepping ~*~*~tactically~*~*~ (hiding).
  1262 | D:1      | 1262 ||| DROPPING +0 club.
  1368 | D:1      | 1368 ||| UPGRADING to +0 scale mail.
  1378 | D:1      | 1378 ||| DROPPING +0 leather armour.
  1379 | D:1      | 1379 ||| UPGRADING to +2 pair of gloves of strength.
  1384 | D:1      | 1384 ||| UPGRADING to amulet of guardian spirit.
  1389 | D:1      | 1389 ||| READING scroll labelled NASUYW HUNE.
  1392 | D:1      | 1392 ||| READING scroll labelled IFADIOT OS PACS.
  1393 | D:1      | 1393 ||| READING scroll labelled ISCHUKKYREM.
  1394 | D:1      | 1394 ||| READING scroll labelled GOGOR NOUCKYKH.
  1395 | D:1      | 1395 ||| DROPPING scroll of blinking.
  1439 | D:2      | Reached XP level 3. HP: 21/21 MP: 7/7
  1465 | D:2      | Reached skill level 4 in Axes
  1643 | D:2      | Reached XP level 4. HP: 24/26 MP: 8/8
  2110 | D:2      | 2110 ||| READING scroll labelled GUETOKHLAGGI.
  2111 | D:2      | 2111 ||| READING scroll labelled DOERIN FIONTOZ.
  2214 | D:2      | 2214 ||| READING scroll labelled UPSEAMMAIPN.
  2215 | D:2      | 2215 ||| READING scroll labelled AROSES WETEXO.
  2216 | D:2      | 2216 ||| READING scroll labelled GYLAUH SASUS.
  2217 | D:2      | 2217 ||| DRINKING 3 white potions.
  2218 | D:2      | 2218 ||| Stepping randomly (stuck).
  2219 | D:2      | 2219 ||| Stepping ~*~*~tactically~*~*~ (cloud).
  2484 | D:3      | Noticed Grinder
  2490 | D:3      | HP: 4/26 [Grinder (5)]
  2493 | D:3      | HP: 1/26 [Grinder (2)]
  2493 | D:3      | Slain by Grinder

Levels and vault maps discovered:
D:1:      lemuel_arrival_behind_the_door_large, layout_basic, hex_medium
D:2:      layout_loops_ring, st_stairs_12, minmay_rat_gold_closets
D:3:      layout_rooms, uniq_grinder, uniq_jessica

Skill      XL: |  1  2  3 |
---------------+----------+-----
Axes           | 3 4 |  4.9
Fighting       | |  2.0
Throwing       | |  1.0
Armour         | |  1.1
Dodging        | |  2.1
Spellcasting   | |  2.0
Translocations | |  2.4

Action                   |  1- 3 |  4- 6 || total
-------------------------+-------+-------++-------
Melee: Hand axe          |    56 |    26 ||    82
       Kick              |    12 |     9 ||    21
       Peck              |     6 |     2 ||     8
Throw: Boomerang         |     7 |       ||     7
       Javelin           |    31 |    11 ||    42
  Use: Scroll            |     4 |     5 ||     9
       Potion            |       |     1 ||     1
 Stab: Sleeping          |     1 |       ||     1
Armor: Leather armour    |    11 |       ||    11
       Scale mail        |    14 |     6 ||    20
Dodge: Dodged            |    40 |     4 ||    44

Table legend:
 A = Non-vault XP
 B = Vault XP
 C = Vault XP percentage of total XP
 D = Non-vault monster count
 E = Vault monster count
 F = Vault count percentage of total count
                 A         B        C        D         E       F
            +---------+---------+-------+---------+---------+-------
      Total |      98 |      11 |  10.1 |      38 |      10 |  20.8
            +---------+---------+-------+---------+---------+-------
        D:1 |      30 |       0 |   0.0 |      17 |       0 |   0.0
        D:2 |      67 |      11 |  14.1 |      20 |      10 |  33.3
        D:3 |       1 |       0 |   0.0 |       1 |       0 |   0.0
            +---------+---------+-------+---------+---------+-------
